 Dungeon Crawl Stone Soup version 0.30-a0-737-gf23d94013f (webtiles) character file.

Game seed: 14334432559118213240

151 Dittersdorf the Covered (level 5, -3/33 HPs)
             Began as a Gargoyle Fighter on Feb 1, 2023.
             Slain by a gnoll
             ... wielding a +0 rapier
              (7 damage)
             ... on level 3 of the Dungeon.
             The game lasted 00:02:24 (1793 turns).

Dittersdorf the Covered (Gargoyle Fighter)          Turns: 1793, Time: 00:02:24

Health: -3/33      AC: 13    Str: 22    XL:     5   Next: 33%
Magic:  5/5        EV:  7    Int:  8    God:
Gold:   127        SH:  4    Dex:  9    Spells: 4/4 levels left

rFire   . . .      SeeInvis +    n - +0 morningstar
rCold   + . .      Faith    .    c - +0 buckler
rNeg    + . .      Spirit   .    o - +0 chain mail
rPois   ∞          Reflect  .    (no helmet)
rElec   +          Harm     .    (no cloak)
rCorr   .          Rampage  .    (no gloves)
Will    .....                    (no boots) Stlth
                                 (no amulet)
HPRegen 0.25/turn                j - ring of see invisible
MPRegen 0.09/turn                h - ring of protection from cold

@: no status effects
A: sickness immunity, AC +4, negative energy resistance 1, electricity
resistance, torment resistance 1, petrification resistance
a: no special abilities


You were on level 3 of the Dungeon.
You visited 1 branch of the dungeon, and saw 3 of its levels.

You collected 127 gold pieces.

Inventory:

Hand Weapons
 n - a +0 morningstar (weapon)
Armour
 c - a +0 buckler (worn)
 o - a +0 chain mail (worn)
Jewellery
 h - a ring of protection from cold (right hand)
 j - a ring of see invisible (left hand)
 p - an amulet of regeneration
Scrolls
 a - a scroll of identify {unknown}
 b - a scroll of fog {unknown}
 i - a scroll of acquirement {unknown}
 m - 2 scrolls of noise {unknown}
Potions
 d - 3 potions of might
 e - a potion of berserk rage {unknown}
 f - a potion of resistance {unknown}
 g - a potion of degeneration {unknown}
 k - a potion of lignification {unknown}
 l - a potion of ambrosia {unknown}


   Skills:
 + Level 4.3 Fighting
 + Level 3.1 Maces & Flails
 + Level 4.3 Armour
 + Level 4.2 Shields


You had 4 spell levels left.
You didn't know any spells.
Your spell library contained the following spells:

 Spells                   Type           Power      Damage    Failure   Level
 Lesser Beckoning         Tloc           0%         N/A       100%        2
 Gell's Gravitas          Tloc           0%         N/A       100%        3
 Teleport Other           Tloc           0%         N/A       100%        3


Dungeon Overview and Level Annotations

Branches:
Dungeon (3/15)

Altars:

Shops:
D:2 [


Innate Abilities, Weirdness & Mutations

You are immune to sickness and miasma.
Your stone body is resilient. (AC +4)
You are immune to poison.
You resist negative energy. (rN+)
You are resistant to electric shocks. (rElec)
You are resistant to unholy torment.
You are immune to petrification.


Message History

You are too injured to fight recklessly!
You are too injured to fight recklessly!
You are too injured to fight recklessly!
You are too injured to fight recklessly!
You are too injured to fight recklessly!
You are too injured to fight recklessly!
The gnoll attacks as you move away! The gnoll hits you with a +0 halberd!
* * * LOW HITPOINT WARNING * * *
The hobgoblin attacks as you move away!
The hobgoblin hits you but does no damage.
You block the gnoll's attack. The gnoll attacks as you move away!
The gnoll completely misses you. The gnoll attacks as you move away!
You block the gnoll's attack. The gnoll attacks as you move away!
The gnoll hits you but does no damage. The gnoll attacks as you move away!
You block the gnoll's attack.
You see here a rat corpse.
The gnoll attacks as you move away! The gnoll hits you but does no damage.
The gnoll attacks as you move away! The gnoll hits you but does no damage.
The gnoll attacks as you move away! The gnoll hits you with a +0 rapier.
There is a stone staircase leading down here.
The gnoll attacks as you move away! The gnoll hits you with a +0 rapier.
* * * LOW HITPOINT WARNING * * *
The gnoll attacks as you move away! The gnoll hits you with a +0 rapier.
* * * LOW HITPOINT WARNING * * *
The gnoll attacks as you move away! You block the gnoll's attack.
The gnoll attacks as you move away! The gnoll closely misses you.
The gnoll attacks as you move away! The gnoll hits you but does no damage.
The gnoll attacks as you move away! The gnoll hits you but does no damage.
The gnoll attacks as you move away! The gnoll barely misses you.
The gnoll attacks as you move away! The gnoll hits you with a +0 rapier.
* * * LOW HITPOINT WARNING * * *
The gnoll attacks as you move away! You block the gnoll's attack.
You see here a +0 dagger.
The gnoll attacks as you move away! The gnoll hits you with a +0 rapier.
* * * LOW HITPOINT WARNING * * *
The gnoll attacks as you move away! The gnoll hits you with a +0 rapier.
* * * LOW HITPOINT WARNING * * *
The gnoll attacks as you move away! The gnoll hits you but does no damage.
The gnoll attacks as you move away! The gnoll hits you with a +0 rapier!
You die...

# #.# #.# #####.# #.# #.....# #..
#.##### ### #.# #.### #...#
###.#############################
#.............@ggg.g.....).....
###############################


You could see 3 gnolls and a hobgoblin.

Vanquished Creatures
  Jessica (D:3)
  Terence (D:2)
  5 adders
  3 worms
  A dart slug (D:1)
  An orc (D:2)
  3 bats
  3 endoplasms
  A giant cockroach (D:1)
  3 hobgoblins
  3 jackals (D:2)
  6 kobolds
  3 quokkas
  6 ball pythons
  A frilled lizard (D:1)
  3 goblins
  3 rats
47 creatures vanquished.

Notes
Turn   | Place    | Note
-------+----------+-------------------------------------------
     0 | D:1      | Dittersdorf the Gargoyle Fighter began the quest for the
                  | Orb.
     0 | D:1      | Reached XP level 1. HP: 14/14 MP: 1/1
    39 | D:1      | Found a faded altar of an unknown god.
   133 | D:1      | Reached XP level 2. HP: 13/19 MP: 2/2
   663 | D:2      | Reached XP level 3. HP: 18/24 MP: 3/3
   779 | D:2      | Found Asujih's Antique Armour Shoppe.
  1118 | D:2      | Reached XP level 4. HP: 29/29 MP: 4/4
  1356 | D:3      | Noticed Terence
  1368 | D:2      | Killed Terence
  1435 | D:3      | Reached XP level 5. HP: 33/33 MP: 5/5
  1651 | D:3      | Noticed Jessica
  1670 | D:3      | Killed Jessica
  1793 | D:3      | Slain by a gnoll

Illustrated notes

Levels and vault maps discovered:
D:1:      psy_arrival_basics, layout_loops_ring,
          hellmonk_ecumenical_altar_arch_garden
D:2:      layout_loops_cross, serial_shops, shop
D:3:      layout_basic, uniq_ijyb, uniq_terence, uniq_jessica,
          uniq_crazy_yiuf_cottage

Skill      XL: |  1  2  3  4 |
---------------+-------------+-----
Fighting       | 4 |  4.3
Armour         | 4 |  4.3
Shields        | 4 |  4.2
Maces & Flails | 3 |  3.1

Action                     |  1- 3 |  4- 6 || total
---------------------------+-------+-------++-------
  Melee: Flail             |   120 |    26 ||   146
         Morningstar       |       |    41 ||    41
 Armour: Scale mail        |    84 |    11 ||    95
         Chain mail        |       |    38 ||    38
  Dodge: Dodged            |    91 |    34 ||   125
  Block: Buckler           |    36 |    21 ||    57

Table legend: (Time is in decaauts)
 A = Elapsed time spent in this place.
 B = Non-inter-level travel time spent in this place.
 C = Inter-level travel time spent in this place.
 D = Time resting spent in this place.
 E = Time spent auto-exploring this place.
 F = Levels seen in this place.
 G = Mean time per level.
                   A        B        C        D        E       F      G
               +--------+--------+--------+--------+--------+-----+--------+
         Total |   1855 |   1776 |     79 |     11 |   1278 |   3 |  618.3 |
       Dungeon |   1855 |   1776 |     79 |     11 |   1278 |   3 |  618.3 |
               +--------+--------+--------+--------+--------+-----+--------+

Top non-repeatable levels by time:
     D:2: 739 daAuts
     D:1: 677 daAuts
     D:3: 438 daAuts
